 Dungeon Crawl Stone Soup version 0.28.0-53-g5a82cb258f (webtiles) character file.

Game seed: 18273278414981386839

26 Sin92 the Magician (level 2, -3/20 HPs)
             Began as a Demonspawn Hedge Wizard on July 14, 2022.
             Slain by a worm (4 damage)
             ... on level 2 of the Dungeon.
             The game lasted 00:01:09 (1927 turns).

Sin92 the Magician (Demonspawn Hedge Wizard)        Turns: 1927, Time: 00:01:09

Health: -3/20      AC:  4    Str: 10    XL:     2   Next: 89%
Magic:  6/6        EV: 12    Int: 15    God:
Gold:   42         SH:  0    Dex: 12    Spells: 6/7 levels left

rFire   . . .      SeeInvis .   a - +0 dagger
rCold   . . .      Faith    .   (no shield)
rNeg    . . .      Spirit   .   b - +0 robe
rPois   .          Reflect  .   c - +0 hat
rElec   .          Harm     .   (no cloak)
rCorr   .          Rampage  .   (no gloves)
Will    .....                   (no boots)
Stlth   ++........              (no amulet)
HPRegen 0.06/turn               (no ring)
MPRegen 0.10/turn               (no ring)

@: no status effects
A: yellow scales 1
a: no special abilities


You were on level 2 of the Dungeon.
You visited 1 branch of the dungeon, and saw 2 of its levels.

You collected 42 gold pieces.

Inventory:

Hand Weapons
 a - a +0 dagger (weapon)
Armour
 b - a +0 robe (worn)
 c - a +0 hat (worn)
Scrolls
 d - a scroll of fog {unknown}
 e - a scroll of immolation {unknown}
 f - 2 scrolls of amnesia {unknown}
Potions
 g - a potion of haste {unknown}


   Skills:
 + Level 0.7 Fighting
 + Level 0.3 Short Blades
 + Level 2.0 Dodging
 + Level 2.0 Stealth
 + Level 3.2 Spellcasting
 + Level 1.4 Conjurations
 - Level 1.0 Summonings
 + Level 1.1 Translocations


You had 6 spell levels left.
You knew the following spells:

 Your Spells              Type           Power      Damage    Failure   Level
a - Magic Dart            Conj           24%        1d4       11%         1

Your spell library contained the following spells:

 Spells                   Type           Power      Damage    Failure   Level
 Summon Small Mammal      Summ           20%        N/A       13%         1
 Blink                    Tloc           10%        N/A       19%         2
 Slow                     Hex            8%         N/A       21%         1
 Call Imp                 Summ           5%         N/A       21%         2
 Call Canine Familiar     Summ           5%         N/A       36%         3
 Conjure Flame            Conj/Fire      4%         6-21      41%         3
 Mephitic Cloud           Conj/Pois/Air  3%         N/A       43%         3
 Summon Guardian Golem    Hex/Summ       3%         N/A       43%         3


Dungeon Overview and Level Annotations

Branches:
Dungeon (2/15)

Altars:


Innate Abilities, Weirdness & Mutations

You are partially covered in yellow scales. (AC +2)


Message History

The worm is lightly wounded.
The worm closely misses you.
You hit the worm.
The worm is lightly wounded.
A worm is nearby!
You hit the worm.
The worm is moderately wounded.
The worm bites you.
A worm is nearby!
You hit the worm but do no damage.
The worm is lightly wounded.
The worm bites you but does no damage.
A worm is nearby!
You hit the worm.
The worm is lightly wounded.
A worm is nearby!
You hit the worm but do no damage.
The worm is lightly wounded.
The worm bites you.
A worm is nearby!
You are too injured to fight recklessly!
A worm is nearby!
Unknown command.
You are too injured to fight recklessly!
A worm is nearby!
You are too injured to fight recklessly!
A worm is nearby!
You are too injured to fight recklessly!
You hit the worm but do no damage.
The worm is lightly wounded.
You hit the worm.
The worm is moderately wounded.
The worm bites you!
* * * LOW HITPOINT WARNING * * *
You hit the worm but do no damage.
The worm is moderately wounded.
You barely miss the worm.
The worm is moderately wounded.
The worm bites you.
You die...

.. # #. ##.#.
....#.# #......
## #
....#..####.#.###
.........†......+
#.w@.<..#
......###.#.#
###.# #.# # ..
#.# # #.. ###


You could see a worm.

Vanquished Creatures
  3 endoplasms (D:1)
  A giant cockroach (D:1)
  4 goblins (D:1)
  A quokka (D:1)
  2 ball pythons (D:1)
  2 bats (D:1)
  2 frilled lizards (D:1)
  5 kobolds (D:1)
  6 rats
26 creatures vanquished.

Notes
Turn   | Place    | Note
-------+----------+-------------------------------------------
     0 | D:1      | Sin92 the Demonspawn Hedge Wizard began the quest for the
                  | Orb.
     0 | D:1      | Reached XP level 1. HP: 13/13 MP: 4/4
   582 | D:1      | Reached skill level 1 in Translocations
   959 | D:1      | Gained mutation: You are partially covered in yellow
                  | scales. (AC +2) [demonic ancestry]
   959 | D:1      | Reached XP level 2. HP: 20/20 MP: 6/6
  1256 | D:1      | Found a faded altar of an unknown god.
  1257 | D:1      | Noticed an eye of devastation
  1261 | D:1      | Noticed a floating eye
  1331 | D:1      | Noticed a shining eye
  1331 | D:1      | Noticed an eye of devastation
  1925 | D:2      | HP: 1/20 [worm (9)]
  1927 | D:2      | Slain by a worm

Illustrated notes

Levels and vault maps discovered:
D:1:      lemuel_arrival_muddy, layout_basic,
          hellmonk_ecumenical_altar_watching_god, minivault_11,
          grunt_decor_mini_mirrors
D:2:      layout_basic, basic_altar, minmay_split_cup_large

Skill      XL: |  1  2 |
---------------+-------+-----
Translocations | 1 |  1.1
Dodging        | 2 |  2.0
Stealth        | 2 |  2.0
Fighting       | |  0.7
Short Blades   | |  0.3
Spellcasting   | |  3.2
Conjurations   | |  1.4
Summonings     | |  1.0

Action                   || total
-------------------------++-------
Melee: Dagger            ||    95
       Punch             ||     2
 Cast: Magic Dart        ||     2
 Stab: Sleeping          ||     4
Armor: Robe              ||    20
Dodge: Dodged            ||    42
